 Dungeon Crawl Stone Soup version 0.26-a0-612-gd4d190f45e (webtiles) character file.

Game seed: 9898075689759404034

301 DogServant the Ducker (level 6, 32/32 HPs)
             Began as a Spriggan Warper on Sept 10, 2020.
             Quit the game on level 5 of the Dungeon.
             The game lasted 00:14:45 (4668 turns).

DogServant the Ducker (Spriggan Warper)             Turns: 4668, Time: 00:14:45

Health: 32/32      AC:  2    Str:  8    XL:     6   Next: 14%
Magic:  11/13      EV: 20    Int: 16    God:
Gold:   177        SH:  0    Dex: 15    Spells: 2/13 levels left

rFire    . . .     SeeInvis +   a - +0 short sword
rCold    . . .     Faith    .   (shield restricted)
rNeg     . . .     Spirit   .   b - +0 robe
rPois    .         Reflect  .   (helmet restricted)
rElec    .         Harm     .   (no cloak)
rCorr    .                      (gloves unavailable)
MR       +....                  (boots unavailable)
Stlth    +++.......             (no amulet)
HPRegen  0.10/turn              (no ring)
MPRegen  0.13/turn              (no ring)

@: very quick
A: very small, unfitting armour, see invisible, speed 3
a: no special abilities


You were on level 5 of the Dungeon.
You visited 1 branch of the dungeon, and saw 5 of its levels.

You collected 177 gold pieces.

Inventory:

Hand Weapons
 a - a +0 short sword (weapon)
 c - a +3 short sword of draining
Missiles
 j - 6 poisoned darts (quivered)
Armour
 b - a +0 robe (worn)
 p - a +2 hat
Jewellery
 l - an uncursed ring of poison resistance
Wands
 s - a wand of polymorph (6)
Scrolls
 d - 2 scrolls of blinking
 e - 3 scrolls of magic mapping {unknown}
 i - 3 scrolls of identify {unknown}
 k - 2 scrolls of teleportation
 n - 3 scrolls of amnesia
 q - 2 scrolls of enchant armour {unknown}
 t - a scroll of enchant weapon {unknown}
Potions
 f - a potion of invisibility {unknown}
 g - 3 potions of stabbing {unknown}
 h - a potion of lignification {unknown}
 m - a potion of ambrosia {unknown}
 o - 4 potions of curing {unknown}
 r - a potion of mutation {unknown}


   Skills:
 + Level 2.8 Fighting
 + Level 3.6 Short Blades
 - Level 1.0 Throwing
 + Level 5.4 Dodging
 - Level 3.9 Stealth
 + Level 4.1 Spellcasting
 * Level 4.4 Translocations


You had 2 spell levels left.
You knew the following spells:

 Your Spells              Type           Power        Failure   Level
a - Blink                 Tloc           N/A          4%          2
b - Teleport Other        Tloc           ###.....     9%          3
c - Gell's Gravitas       Tloc           ###.......   9%          3
d - Lesser Beckoning      Tloc           ###.......   9%          3

Your spell library contained the following spells:

 Spells                   Type           Power        Failure   Level
 Passage of Golubria      Tloc           N/A          26%         4


Dungeon Overview and Level Annotations

Branches:
Dungeon (5/15)
 Temple: D:4-7

Altars:
Fedhas
Kikubaaqudgha
Qazlal
Sif Muna
Wu Jian
Xom


Innate Abilities, Weirdness & Mutations

You are very small and have problems with some larger weapons.
You are too small for most types of armour.
You have supernaturally acute eyesight. (SInv)
You cover ground extremely quickly.


Message History

Casting: Teleport Other (quite dangerous; 9% risk of failure)
Confirm with . or Enter, or press ? or * to list all spells.
You can't see any susceptible monsters within range! (Use Z to cast anyway.)
You see here 13 gold pieces.
Casting: Teleport Other (quite dangerous; 9% risk of failure)
Confirm with . or Enter, or press ? or * to list all spells.
The spell is quite dangerous to cast (9% risk of failure)!
Continue anyway? [Y]es or [N]o only, please.
The spell is quite dangerous to cast (9% risk of failure)!
Continue anyway?
Press: ? - help, Shift-Dir - straight line, f - ice beast
Aim: an ice beast Nothing appears to happen.
The ice beast completely misses you.
Unknown command.
An ice beast is nearby!
There is an escape hatch in the ceiling here.
Unknown command.
Casting: Lesser Beckoning (quite dangerous; 9% risk of failure)
Confirm with . or Enter, or press ? or * to list all spells.
You don't know that spell.
Are you sure you want to abandon this character and quit the game? (Confirm with "yes".)

### ## ### ###.. ..# #..
..#.# #.# #.# #.#.# #.#
#.# #.#.# #)#
#######.####.#.######.###
........................#
........@......Y.........
###.###........######.##.
#.####....... #$# #.#
#######.##.# #######.#
#.# .......<# #.#
#######.# #.# #.. #.#
#### ...


You could see an ice beast.

Vanquished Creatures
  2 vampire bats (D:3)
  A howler monkey (D:3)
  An iguana (D:4)
  Terence (D:3)
  A hound skeleton (D:4)
  3 adders
  2 worms
  2 dart slugs
  5 leopard geckos
  An orc (D:2)
  5 bats
  2 bat skeletons (D:3)
  4 bat zombies (D:3)
  7 giant cockroaches
  7 goblins
  5 hobgoblins
  7 jackals (D:1)
  2 quokkas (D:2)
  A ball python (D:1)
  2 frilled lizards
  10 kobolds
  5 rats (D:1)
76 creatures vanquished.

Notes
Turn   | Place    | Note
-------+----------+-------------------------------------------
     0 | D:1      | DogServant the Spriggan Warper began the quest for the Orb.
     0 | D:1      | Reached XP level 1. HP: 10/10 MP: 5/5
   314 | D:1      | Reached skill level 4 in Dodging
   317 | D:1      | Reached XP level 2. HP: 15/15 MP: 6/6
   435 | D:1      | Found a stormy altar of Qazlal.
   473 | D:1      | Reached skill level 1 in Stealth
   609 | D:1      | Learned a level 2 spell: Blink
   701 | D:1      | Reached XP level 3. HP: 18/18 MP: 8/8
  1445 | D:2      | Found a shimmering blue altar of Sif Muna.
  1551 | D:2      | Found a blossoming altar of Fedhas.
  2248 | D:3      | Found an ancient bone altar of Kikubaaqudgha.
  2254 | D:3      | Reached XP level 4. HP: 14/23 MP: 8/10
  2297 | D:3      | Reached XP level 5. HP: 9/27 MP: 7/11
  2646 | D:3      | Found a shimmering altar of Xom.
  2782 | D:3      | Found a faded altar of an unknown god.
  2784 | D:3      | Noticed Terence
  2790 | D:3      | Reached skill level 5 in Dodging
  2807 | D:3      | Killed Terence
  3780 | D:4      | Found an ornate altar of the Wu Jian Council.
  3803 | D:4      | Reached XP level 6. HP: 27/32 MP: 13/13
  4065 | D:4      | Learned a level 3 spell: Teleport Other
  4597 | D:4      | Learned a level 3 spell: Gell's Gravitas
  4601 | D:4      | Learned a level 3 spell: Lesser Beckoning
  4627 | D:5      | Entered Level 5 of the Dungeon
  4648 | D:5      | Noticed an ice beast
  4668 | D:5      | Quit the game

Illustrated notes

Levels and vault maps discovered:
D:1:      shiori_arrival_elements, layout_loops_corners, serial_bayou_ford_a,
          nrook_campfire, minmay_misc_feat_rows, grunt_decor_mini_mirrors,
          kennysheep_flooded_box, hangedman_abyss_or_decor_lesser_grid,
          hangedman_decor_growths
D:2:      layout_basic, lemuel_crystal_altar, fedhas_altar_fruit_tree
D:3:      layout_basic, kennysheep_vampire_church, lemuel_round_altar,
          gup_sewer_entry_pipe, chequers_ecumenical_altar_island, uniq_terence
D:4:      layout_basic, lemuel_round_altar
D:5:      layout_basic

Skill      XL: |  1  2  3  4  5 |
---------------+----------------+-----
Dodging        | 4 5 |  5.4
Stealth        | 1 2 3 |  3.9
Spellcasting   | 3 4 |  4.1
Fighting       | 2 |  2.8
Short Blades   | 3 |  3.6
Throwing       | |  1.0
Translocations | |  4.4

Action                   |  1- 3 |  4- 6 || total
-------------------------+-------+-------++-------
Melee: Short sword       |   110 |   108 ||   218
Throw: Boomerang         |       |     5 ||     5
       Dart              |       |    10 ||    10
 Cast: Blink             |     2 |     2 ||     4
       Teleport Other    |       |     1 ||     1
       Lesser Beckoning  |       |     1 ||     1
  Use: Scroll            |     5 |       ||     5
 Stab: Sleeping          |     6 |     4 ||    10
Armor: Robe              |     9 |    10 ||    19
Dodge: Dodged            |    87 |   116 ||   203

Table legend: (Time is in decaauts)
 A = Elapsed time spent in this place.
 B = Non-inter-level travel time spent in this place.
 C = Inter-level travel time spent in this place.
 D = Time resting spent in this place.
 E = Time spent auto-exploring this place.
 F = Levels seen in this place.
 G = Mean time per level.
                   A        B        C        D        E       F      G
               +--------+--------+--------+--------+--------+-----+--------+
         Total |   3334 |   3235 |     99 |    344 |   2301 |   5 |  666.8 |
       Dungeon |   3334 |   3235 |     99 |    344 |   2301 |   5 |  666.8 |
               +--------+--------+--------+--------+--------+-----+--------+

Top non-repeatable levels by time:
     D:3: 1192 daAuts
     D:1: 1036 daAuts
     D:4: 631 daAuts
     D:2: 447 daAuts
     D:5: 26 daAuts
